 Dungeon Crawl Stone Soup version 0.31-a0-978-g1e143483b6 (webtiles) character file.

Game seed: 18277380462225730612

662 LeprechaunX the Changeling (level 7, -2/41 HPs)
             Began as an Octopode Shapeshifter on Oct 30, 2023.
             Was a Follower of Hepliaklqana.
             Slain by a gnoll
             ... wielding a +0 spear
             ... led by a gnoll bouda
              (5 damage)
             ... on level 5 of the Dungeon.
             The game lasted 00:05:20 (4336 turns).

LeprechaunX the Changeling (Octopode Shapeshifter)  Turns: 4336, Time: 00:05:21

Health: -2/41      AC:  1    Str: 13    XL:     7   Next: 56%
Magic:  7/7        EV: 13    Int: 12    God:    Hepliaklqana [*.....]
Gold:   202        SH:  7    Dex: 14    Spells: 6/6 levels left

rFire   . . .        t - +2 demon blade (drain)
rCold   . . .        l - +2 buckler
rNeg    . . .        (helmet currently unavailable)
rPois   .            (no amulet)
rElec   .            (no ring)
rCorr   .            (no ring)
SInv    .            (no ring)
Will    .....        (no ring)
Stlth   ++           (no ring)
HPRegen 0.26/turn    (no ring)
MPRegen 0.10/turn    (no ring)
                     (no ring)

%: no passive effects
@: beast-form, weakened
A: beast (slay +3), reduced essence, almost no armour, amphibious, 8 rings,
camouflage 1, gelatinous body 1, (nimble swimmer 1), tentacles
a: Begin Untransformation, Renounce Religion, Recall Ancestor, Ancestor Identity


You were on level 5 of the Dungeon.
You worshipped Hepliaklqana.
Hepliaklqana was aware of your devotion.
You were a hulking beast.
You visited 1 branch of the dungeon, and saw 5 of its levels.

You collected 202 gold pieces.

Inventory:

Hand Weapons
 a - a +0 sling
 t - a +2 demon blade of draining (weapon)
Missiles
 r - 2 atropa-tipped darts
 w - 6 javelins
Armour
 l - a +2 buckler (worn)
Jewellery
 j - an amulet of magic regeneration
 y - an amulet of reflection
Talismans
 b - a beast talisman
 c - a flux talisman
Wands
 n - a wand of polymorph (4)
 u - a wand of flame (6)
Scrolls
 e - 2 scrolls of immolation {unknown}
 f - 4 scrolls of identify {unknown}
 h - 2 scrolls of revelation {unknown}
 m - a scroll of fog {unknown}
 o - 2 scrolls of butterflies {unknown}
 q - 4 scrolls of teleportation {unknown}
 v - 2 scrolls of enchant armour {unknown}
 x - a scroll of noise {unknown}
 A - a scroll of vulnerability {unknown}
Potions
 d - 3 potions of heal wounds {unknown}
 g - a potion of ambrosia {unknown}
 i - 2 potions of curing {unknown}
 k - a potion of enlightenment {unknown}
 p - 2 potions of might {unknown}
 s - 4 potions of lignification
 z - a potion of degeneration {unknown}


   Skills:
 + Level 3.5 Fighting
 - Level 2.0 Dodging
 + Level 2.8 Shields
 + Level 4.5 Unarmed Combat
 + Level 2.0 Evocations
 * Level 5.4 Shapeshifting


You had 6 spell levels left.
You didn't know any spells.
Your spell library contained the following spells:

 Spells                   Type           Power      Damage    Failure   Level
 Ensorcelled Hibernation  Hex/Ice        0%         N/A       56%         2
 Jinxbite                 Hex            0%         N/A       56%         2
 Tukima's Dance           Hex            0%         N/A       80%         3
 Anguish                  Hex/Necr       0%         N/A       99%         4
 Dimensional Bullseye     Hex/Tloc       0%         N/A       99%         4
 Iskenderun's Mystic Bla  Conj/Tloc      0%         2d3       99%         4


Dungeon Overview and Level Annotations

Branches:
Dungeon (5/15)             Temple (0/1) D:5

Altars:
Gozag
Hepliaklqana
Sif Muna

Shops:
D:1 =   D:2 :   D:5 (


Innate Abilities, Weirdness & Mutations

You are a hulking beast.
Your limbs bulge with bestial killing power. (Slay +3)
Your life essence is reduced to manifest your ancestor. (-10% HP)
You cannot wear most types of armour.
You are amphibious.
You can wear up to eight rings at the same time.
Your skin changes colour to match your surroundings (Stealth+).
Your rubbery body absorbs attacks. (AC +1, EV +1)
((You are camouflaged when in or above water. (Stealth+)))
You have tentacles for arms and can constrict up to eight enemies at once.


Message History

You can now remember your ancestor's identity.
Found an escape hatch in the ceiling.
There is an open door here.
There is an escape hatch in the ceiling here.
You open the door.
There is an open door here.
There is an open door here.
There is an open door here.
You swap places.
There is an open door here.
There is an open door here.
There is a fountain of clear blue water here.
There is a staircase to the Ecumenical Temple here.
There is a fountain of clear blue water here.
Search for what [Enter for "."]? .
A gnoll is nearby!
The gnoll misses you. The gnoll closely misses you.
There is an open door here.
You closely miss the gnoll. You grab the gnoll. You constrict the gnoll.
The gnoll closely misses you.
The gnoll bouda shouts!
You slash the gnoll! You drain the gnoll.
You kill the gnoll!
The gnoll bouda gazes fiercely through you!
You feel your attacks grow feeble. The gnoll barely misses you.
The gnoll hits you with a +0 halberd!
The gnoll hits you from afar with a +0 spear!
You see here a +0 spear.
You are too injured to fight recklessly!
You are too injured to fight recklessly!
Unknown command.
You barely miss the gnoll. You grab the gnoll.
You squeeze the gnoll, but do no damage.
You constrict the gnoll. The gnoll barely misses you. x2
The gnoll hits you with a +0 halberd!
* * * LOW HITPOINT WARNING * * *
The gnoll hits you from afar with a +0 spear.
You die...

.# ##.# #.#...#.##.##. .# #.#
####..........##. .# #.#
#<########.#####. .#
########.###.#........#####. .#
#.....##.##....#####........ .#
#.....##..#....#....<.#####.
.#####.....###.#....###.##.# #.
<##........# #.'R...###....#####.
.##........# ###h.g.#......#....#
###........# #.g.........#.##.#
#.....#### #..g[..#(#..#.##.# #
#.....# #........#..#.....
###.....#########...###.#######.#
'.'.....'.......#.... .... ......
###.....#######.####..#.#######.#
# #.....# #.# #...# #.. # #######
#.# ##.#########


You could see the friendly Milos the ancestor, a gnoll bouda and 2 gnolls.

Vanquished Creatures
  Grinder (D:3)
  A phantom (D:4)
  A scorpion (D:4)
  2 hounds (D:5)
  An orc priest (D:3)
  An iguana (D:5)
  3 gnolls (D:5)
  5 adders
  2 shadow imps (D:5)
  2 ufetubi (D:5)
  4 worms
  4 dart slugs
  13 orcs
  8 endoplasms
  2 giant cockroaches (D:1)
  7 goblins (D:4)
  11 hobgoblins
  9 kobolds
  5 quokkas
  8 ball pythons
  6 bats
  6 frilled lizards
  6 rats
108 creatures vanquished.

Notes
Turn   | Place    | Note
-------+----------+-------------------------------------------
     0 | D:1      | LeprechaunX the Octopode Shapeshifter began the quest for
                  | the Orb.
     0 | D:1      | Reached XP level 1. HP: 13/13 MP: 1/1
   104 | D:1      | Found Qitip's Jewellery Shop.
   182 | D:1      | Reached XP level 2. HP: 18/18 MP: 2/2
   486 | D:1      | Reached XP level 3. HP: 6/23 MP: 3/3
  1193 | D:2      | Found Jukkuroe's Book Boutique.
  1836 | D:3      | Reached XP level 4. HP: 29/29 MP: 4/4
  1867 | D:3      | Noticed Grinder
  1880 | D:3      | Killed Grinder
  1881 | D:3      | Reached skill level 1 in Shields
  1881 | D:3      | Reached skill level 4 in Shapeshifting
  1881 | D:3      | Reached XP level 5. HP: 15/35 MP: 5/5
  1881 | D:3      | Reached XP level 6. HP: 17/41 MP: 6/6
  2252 | D:3      | Found a faded altar of an unknown god.
  2647 | D:4      | Found a shimmering blue altar of Sif Muna.
  2802 | D:4      | Reached skill level 1 in Evocations
  3052 | D:4      | Found a hazy altar of Hepliaklqana.
  3077 | D:4      | Reached skill level 5 in Shapeshifting
  3077 | D:4      | Reached XP level 7. HP: 25/46 MP: 7/7
  3098 | D:4      | Became a worshipper of Hepliaklqana the Forgotten
  3176 | D:4      | Found an opulent altar of Gozag.
  3466 | D:5      | Entered Level 5 of the Dungeon
  3603 | D:5      | Found Idghyucu's Antique Weapon Shoppe.
  3620 | D:5      | Found a staircase to the Ecumenical Temple.
  4234 | D:5      | Reached * piety under Hepliaklqana
  4336 | D:5      | Slain by a gnoll

Illustrated notes

Levels and vault maps discovered:
D:1:      amcnicky_arrival_underground_garden, layout_loops_cross, serial_shops,
          nicolae_shop_competitors_out_of_business
D:2:      layout_basic, serial_shops, nicolae_book_shop_shelving,
          corexii_leaking_fountain
D:3:      layout_basic, hellmonk_ecumenical_altar_arch_garden, uniq_grinder
D:4:      layout_basic, nicolae_sif_muna_condensation,
          mainiacjoe_overflow_large_starburst, minmay_goblin_outpost
D:5:      layout_basic, minmay_temple_entry_antechambers, serial_shops, shop

Skill      XL: |  1  2  3  4  5  6  7 |
---------------+----------------------+-----
Fighting       | 2 3 |  3.5
Shields        | 1 2 |  2.8
Unarmed Combat | 4 |  4.5
Shapeshifting  | 4 5 |  5.4
Evocations     | 1 2 |  2.0
Dodging        | |  2.0

Action                     |  1- 3 |  4- 6 |  7- 9 || total
---------------------------+-------+-------+-------++-------
  Melee: Unarmed           |    74 |   100 |     3 ||   177
         Tentacles         |    16 |    25 |     7 ||    48
         Constrict         |    16 |    25 |     9 ||    50
         Punch             |     1 |     3 |       ||     4
         Demon blade       |       |       |    29 ||    29
   Stab: Sleeping          |    10 |     3 |     3 ||    16
 Armour: Skin              |    24 |    33 |    19 ||    76
  Dodge: Dodged            |    29 |    43 |    23 ||    95
  Block: Buckler           |     3 |    22 |    12 ||    37

Table legend: (Time is in decaauts)
 A = Elapsed time spent in this place.
 B = Non-inter-level travel time spent in this place.
 C = Inter-level travel time spent in this place.
 D = Time resting spent in this place.
 E = Time spent auto-exploring this place.
 F = Levels seen in this place.
 G = Mean time per level.
                   A        B        C        D        E       F      G
               +--------+--------+--------+--------+--------+-----+--------+
         Total |   4337 |   4087 |    250 |    170 |   3233 |   5 |  867.4 |
       Dungeon |   4337 |   4087 |    250 |    170 |   3233 |   5 |  867.4 |
               +--------+--------+--------+--------+--------+-----+--------+

Top non-repeatable levels by time:
     D:2: 1047 daAuts
     D:5: 877 daAuts
     D:3: 818 daAuts
     D:4: 818 daAuts
     D:1: 775 daAuts
